 Dungeon Crawl Stone Soup version 0.20.1-1-g8b1a95d (webtiles) character file.

1339 letownia2 the Reanimator (level 8, 28/72 HPs)
             Began as a Deep Dwarf Necromancer on Nov 13, 2017.
             Quit the game on level 6 of the Dungeon.
             The game lasted 00:13:35 (4298 turns).

letownia2 the Reanimator (Deep Dwarf Necromancer)   Turns: 4298, Time: 00:13:36

Health: 28/72      AC:  5    Str: 13    XL:     8   Next: 35%
Magic:  14/14      EV: 11    Int: 17    God:
Gold:   177        SH:  0    Dex: 13    Spells: 11/15 levels left

rFire    . . .     SeeInvis .   a - +2 dagger (venom)
rCold    + . .     Gourm    .   (no shield)
rNeg     . . .     Faith    .   t - +0 ring mail
rPois    +         Spirit   .   (no helmet)
rElec    .         Reflect  .   (no cloak)
rCorr    .         Harm     .   (no gloves)
MR       +....                  (no boots)
Stlth    +.........             (no amulet)
Regen    0.0/turn               s - ring of poison resistance
MPRegen  0.2/turn               G - ring of protection from cold

@: non-regenerating
A: damage resistance, heal wounds, sense surroundings 1, no regeneration
a: Heal Wounds


You were on level 6 of the Dungeon.
You were not hungry.

You visited 1 branch of the dungeon, and saw 6 of its levels.
You also visited: Sewer.

You collected 177 gold pieces.

Inventory:

Hand Weapons
 a - a +2 dagger of venom (weapon)
 o - a +1 dagger of venom
 y - a +0 hand axe
 H - a +0 halberd of chopping
Missiles
 q - 5 tomahawks (quivered)
 C - a throwing net
Armour
 k - a +0 leather armour
 t - a +0 ring mail (worn)
Jewellery
 s - a ring of poison resistance (left hand)
 G - a ring of protection from cold (right hand)
Wands
 l - a wand of disintegration (4/24)
 m - a wand of confusion (20/48)
 F - a wand of random effects (30/48)
Scrolls
 d - a scroll of amnesia {unknown}
 e - 3 scrolls of teleportation
 f - a scroll of enchant weapon
 h - 2 scrolls of remove curse {unknown}
 j - a scroll of enchant armour {unknown}
 n - 3 scrolls of fear {unknown}
 u - 2 scrolls of magic mapping {unknown}
 v - 4 scrolls of identify
 I - a scroll of noise {unknown}
Potions
 g - a potion of heal wounds
 i - 6 potions of curing
 w - 4 potions of flight
 x - a potion of might {unknown}
 z - a potion of brilliance {unknown}
 A - a potion of ambrosia {unknown}
 E - a potion of mutation {unknown}
Books
 b - a book of Necromancy

   Spells                             Type                      Level
   a - Pain                           Necromancy                   1
   b - Animate Skeleton               Necromancy                   1
   c - Vampiric Draining              Necromancy                   3
   d - Regeneration                   Charms/Necromancy            3
   e - Animate Dead                   Necromancy                   4
   f - Control Undead                 Necromancy                   4
 p - a book of Changes

   Spells                             Type                      Level
   a - Beastly Appendage              Transmutation                1
   b - Sticks to Snakes               Transmutation                2
   c - Spider Form                    Transmutation/Poison         3
   d - Ice Form                       Ice/Transmutation            4
   e - Blade Hands                    Transmutation                5
Comestibles
 c - 4 bread rations
 r - 4 fruits
 B - a royal jelly
 D - 4 chunks of flesh


   Skills:
 - Level 3.8 Fighting
 - Level 2.1 Dodging
 - Level 2.4 Stealth
 + Level 4.1 Spellcasting
 - Level 8.8 Necromancy
 - Level 4.8 Evocations


You had 11 spell levels left.
You knew the following spells:

 Your Spells              Type           Power        Failure   Level  Hunger
a - Pain                  Necr           ####         1%          1    None
v - Vampiric Draining     Necr           ####......   2%          3    ###....


Dungeon Overview and Level Annotations

Branches:
Dungeon (6/15)
 Temple: D:4-7

Altars:
Cheibriados
Elyvilon
Xom
Yredelemnul

Shops:
D:6 }

Annotations:
D:6 Linguinho's ghost, novice TrMo


Innate Abilities, Weirdness & Mutations

You are resistant to damage.
You can heal yourself by infusing magical energy.
You passively map a small area around you.
You do not regenerate.


Message History

I - a scroll labeled YNUNA SYAS HIJ Are you sure you want to abandon this character and quit the game? (Confirm with "yes".)
Okay, then.
Unknown command.
Put on which piece of jewellery? (? for menu, Esc to quit)
Okay, then.
Put on which piece of jewellery? (? for menu, Esc to quit)
G - a ring of protection from cold (right hand) Unknown command.
Are you sure you want to abandon this character and quit the game? (Confirm with "yes".)
Okay, then.
Magic restored.
You now have 177 gold pieces (gained 7).
Things that are here:
a trident; a ring mail
Things that are here:
an uncursed shortbow; 23 arrows You see here 2 arrows.
The orc is too close now for your liking.
Are you sure you want to abandon this character and quit the game? (Confirm with "yes".)

..# #.....#####.#.#.# #.#
#...........#.#.#
#.##############.#.#.#
#.#.......# #.....#
#.#.#####.######.#.###
....####......##)#.# #####
.......#..###.##.#.# #....
....##.#..###.##(#.# #.###
###.#.....o.....@).# #.###
#.........#.##.############....
###.##.##.#.##............#.##.
#.##.........####.##.........
#.#...#.####.####.##.##.#....
#.#...#.# #.#.......##.#.###
#.......# #.#.##.#####.#....
###...### #.#.##.#####.#####
#...# ##................#


You could see an orc (wandering).

Vanquished Creatures
  Grinder (D:6)
  Menkaure (D:5)
  A centaur (D:6)
  5 big kobolds
  A gnoll sergeant (D:6)
  2 scorpions
  A hound (D:4)
  6 worker ants
  An iguana (D:5)
  The ghost of letownia2 the Grave Robber, a weakling DDNe (Sewer)
  7 adders
  3 gnolls (D:6)
  A howler monkey skeleton (D:4)
  3 river rats
  A shadow imp (D:6)
  2 oozes (D:4)
  An adder skeleton (D:4)
  An adder zombie (D:6)
  6 worms
  A dart slug (D:4)
  4 leopard geckos
  4 orcs (D:4)
  2 ball pythons
  2 giant cockroaches (D:5)
  2 goblins
  2 hobgoblins
  6 jackals
  A quokka (D:3)
  2 bats
  A frilled lizard (D:1)
  11 kobolds
  2 quokka skeletons (D:6)
  6 rats
91 creatures vanquished.

Notes
Turn   | Place    | Note
-------+----------+-------------------------------------------
     0 | D:1      | letownia2 the Deep Dwarf Necromancer began the quest for the Orb.
     0 | D:1      | Reached XP level 1. HP: 15/15 MP: 3/3
   172 | D:2      | Found a snail-covered altar of Cheibriados.
   222 | D:2      | Reached XP level 2. HP: 22/22 MP: 1/5
   467 | D:3      | Found a shimmering altar of Xom.
   478 | D:3      | Reached skill level 5 in Necromancy
   640 | D:4      | Reached XP level 3. HP: 16/28 MP: 1/6
   645 | D:4      | Learned a level 3 spell: Vampiric Draining
  1089 | D:4      | Reached XP level 4. HP: 32/36 MP: 0/7
  1178 | D:4      | Reached skill level 6 in Necromancy
  1479 | D:4      | Found a white marble altar of Elyvilon.
  1542 | D:4      | Reached XP level 5. HP: 33/42 MP: 0/8
  1647 | D:4      | Found a basalt altar of Yredelemnul.
  1838 | D:5      | Entered Level 5 of the Dungeon
  1895 | D:5      | Reached skill level 7 in Necromancy
  2386 | D:5      | Reached XP level 6. HP: 33/49 MP: 0/10
  2452 | D:5      | Found a glowing drain.
  2456 | Sewer    | Entered a sewer
  2469 | Sewer    | Noticed letownia2's ghost (weakling DDNe)
  2871 | Sewer    | Reached skill level 1 in Fighting
  3054 | Sewer    | Killed letownia2's ghost
  3120 | Sewer    | Reached XP level 7. HP: 53/57 MP: 11/11
  3217 | D:5      | Noticed Menkaure
  3226 | D:5      | Killed Menkaure
  3226 | D:5      | Reached skill level 8 in Necromancy
  3712 | D:6      | Noticed Linguinho's ghost (novice TrMo)
  3857 | D:6      | Found Puduna's Gadget Boutique.
  3961 | D:6      | Noticed Grinder
  3962 | D:6      | Paralysed by Grinder for 2 turns
  3980 | D:6      | Killed Grinder
  3980 | D:6      | Reached XP level 8. HP: 56/72 MP: 12/12
  4298 | D:6      | Quit the game

Skill      XL: |  1  2  3  4  5  6  7  8 |
---------------+-------------------------+-----
Spellcasting   | 2 3 4 |  4.1
Necromancy     | 5 6 7 8 |  8.8
Evocations     | 4 |  4.8
Fighting       | 1 3 |  3.8
Dodging        | |  2.1
Stealth        | |  2.4

Action                   |  1- 3 |  4- 6 |  7- 9 || total
-------------------------+-------+-------+-------++-------
Melee: Hand axe          |       |    55 |       ||    55
       Dagger            |       |    40 |   113 ||   153
Throw: Tomahawk          |     4 |    11 |       ||    15
 Cast: Pain              |    39 |    73 |     5 ||   117
       Vampiric Draining |     4 |    20 |    10 ||    34
Evoke: Wand              |       |     4 |     7 ||    11
  Use: Scroll            |       |     4 |       ||     4
       Potion            |       |     3 |       ||     3
 Stab: Confused          |       |     1 |     2 ||     3
  Eat: Chunk             |     1 |     9 |     5 ||    15
       Fruit             |       |     1 |       ||     1
Armor: Robe              |     1 |       |       ||     1
       Leather armour    |     1 |     3 |       ||     4
       Ring mail         |       |    25 |    30 ||    55
Dodge: Dodged            |    16 |    73 |    59 ||   148
